 Dungeon Crawl Stone Soup version 0.27.1-1-g398f81649c (webtiles) character file.

Game seed: 18030864015556190490

1932 Kangaroobicon the Ruffian (level 8, -1/78 HPs)
             Began as a Troll Monk on Sept 18, 2021.
             Was an Elder of Nemelex Xobeh.
             Slain by a killer bee (4 damage)
             ... on level 6 of the Dungeon.
             The game lasted 01:05:12 (3875 turns).

Kangaroobicon the Ruffian (Troll Monk)              Turns: 3875, Time: 01:05:13

Health: -1/78      AC:  4    Str: 26    XL:     8   Next: 97%
Magic:  16/16      EV: 11    Int:  7    God:    Nemelex Xobeh [****..]
Gold:   231        SH:  0    Dex: 13    Spells: 7/7 levels left

rFire    . . .     SeeInvis .     - Unarmed
rCold    . . .     Faith    .   (no shield)
rNeg     . . .     Spirit   .   a - +0 robe
rPois    .         Reflect  .   (helmet restricted)
rElec    .         Harm     .   (no cloak)
rCorr    .         Rampage  .   (gloves unavailable)
Will     .....                  (boots unavailable)
Stlth    ++........             (no amulet)
HPRegen  1.23/turn              m - ring of magical power
MPRegen  0.15/turn              H - +6 ring of strength

@: lethally poisoned (-1 -> -2)
A: large, unfitting armour, claws 3, regeneration 1, shaggy fur 1, tough skin 1
a: Renounce Religion, Draw Escape, Draw Destruction, Draw Summoning, Triple
Draw, Deal Four


You were on level 6 of the Dungeon.
You worshipped Nemelex Xobeh.
Nemelex Xobeh was greatly pleased with you.
You visited 2 branches of the dungeon, and saw 7 of its levels.
You also visited: Sewer.

You collected 231 gold pieces.

Inventory:

Hand Weapons
 c - a +2 dagger of venom
 n - a +2 whip of venom
 t - a +0 flail of protection
 v - a +0 flail of draining
 x - a +2 dagger of draining
 C - a +0 hunting sling of freezing
 G - a +1 flail of holy wrath
 I - a +1 whip of electrocution
Missiles
 e - 79 arrows
 g - 161 stones (quivered)
 i - 91 sling bullets
 y - 4 poisoned darts
 F - 3 boomerangs
Armour
 a - a +0 robe (worn)
Jewellery
 m - a ring of magical power (left claw)
 H - a +6 ring of strength (right claw)
Wands
 q - a wand of digging (5)
 s - a wand of polymorph (8)
Scrolls
 b - a scroll of enchant weapon {unknown}
 j - 2 scrolls of noise {unknown}
 k - 2 scrolls of immolation {unknown}
 o - a scroll of magic mapping {unknown}
 p - a scroll of enchant armour {unknown}
 r - 3 scrolls of identify {unknown}
 u - a scroll of teleportation {unknown}
 w - a scroll of holy word {unknown}
 E - a scroll of vulnerability {unknown}
Potions
 d - a potion of might
 f - a potion of mutation {unknown}
 h - a potion of attraction {unknown}
 l - a potion of brilliance {unknown}
 z - 2 potions of flight
 A - a potion of heal wounds
 B - a potion of curing
 D - a potion of magic {unknown}
 J - 2 potions of haste {unknown}


   Skills:
 + Level 4.0 Fighting
 + Level 3.9 Slings
 + Level 4.1 Dodging
 + Level 2.6 Stealth
 + Level 7.9 Unarmed Combat


You had 7 spell levels left.
You didn't know any spells.
Your spell library contained the following spells:

 Spells                   Type           Power      Damage    Failure   Level
 Corona                   Hex            0%         N/A       43%         1
 Magic Dart               Conj           0%         1d3       43%         1
 Sandblast                Erth           0%         2d4       43%         1
 Call Imp                 Summ           0%         N/A       56%         2
 Ensorcelled Hibernation  Hex/Ice        0%         N/A       56%         2
 Passwall                 Tmut/Erth      0%         N/A       56%         2
 Mephitic Cloud           Conj/Pois/Air  0%         N/A       80%         3
 Tukima's Dance           Hex            0%         N/A       80%         3
 Hailstorm                Conj/Ice       0%         3d3       99%         4
 Ice Form                 Ice/Tmut       0%         N/A       99%         4
 Lee's Rapid Deconstruct  Erth           0%         3d5*      100%        5
 Simulacrum               Ice/Necr       0%         N/A       100%        6


Dungeon Overview and Level Annotations

Branches:
Dungeon (6/15)             Temple (1/1) D:4           Sewer (visited)

Altars:
Ashenzari
Dithmenos
Elyvilon
Fedhas
Gozag
Makhleb
Nemelex Xobeh
Okawaru
Qazlal
Ru
Sif Muna
Trog
Uskayaw
Wu Jian
Xom
Yredelemnul
The Shining One

Shops:
D:1 :


Innate Abilities, Weirdness & Mutations

You are too large for most types of armour.
You have claws for hands.
Your natural rate of healing is unusually fast.
You are covered in fur. (AC +1)
You have tough skin. (AC +1)


Message History

Anything else - Cancel.
Stop fighting!
You feel sick. The killer bee barely misses you. x2
You feel sick. The killer bee misses you.
You feel sick.
You are no longer poisoned.
The killer bee stings you.
* * * LOW HITPOINT WARNING * * *
You are poisoned.
The killer bee poisons you!
You claw the killer bee!
The killer bee is almost dead.
You feel sick.
The killer bee stings you but does no damage.
You barely miss the killer bee.
The killer bee is almost dead.
You feel sick. The killer bee misses you.
The killer bee stings you but does no damage.
You barely miss the killer bee.
The killer bee is almost dead.
You feel sick. The killer bee closely misses you. The killer bee stings you.
* * * LOW HITPOINT WARNING * * *
You are more poisoned.
The killer bee poisons you!
You feel sick.
You see here a black bear corpse.
You feel sick. The killer bee stings you.
* * * LOW HITPOINT WARNING * * *
You feel sick. The killer bee barely misses you. The killer bee stings you.
* * * LOW HITPOINT WARNING * * *
You are more poisoned.
The killer bee poisons you!
You feel sick. The killer bee stings you.
* * * LOW HITPOINT WARNING * * *
You feel sick. The killer bee stings you.
* * * LOW HITPOINT WARNING * * *
You feel sick. The killer bee closely misses you.
You feel sick. The killer bee barely misses you.
You feel sick. The killer bee stings you.
You die...
Your body glows slightly and disappears.

.#....#.## #....#.......####
........#####........##.....##
..###........................##
..#
#.........................###
.##
##[.........................#
## ##.......................# #
#................†......#
#.......................#
#.........@y............#
#>........#............).###.
#.##.#######.....##.....).)(.
#.....# #################.
#...#### #..


You could see a killer bee (misshapen).

Vanquished Creatures
  A water moccasin (D:5)
  Edmund (D:4)
  An orc warrior (D:6)
  A sky beast (D:3)
  2 black bears
  3 ogres
  A kobold brigand (Sewer)
  2 scorpions
  A water moccasin skeleton (D:5)
  A bullfrog zombie (D:6)
  A jelly (D:5)
  2 hounds
  5 orc priests
  A bullfrog skeleton (D:4)
  3 iguanas
  A scorpion zombie (D:5)
  Natasha (thrice) (D:2)
  2 orc wizards
  A hound skeleton (D:4)
  4 gnolls (D:2)
  5 river rats
  15 adders
  5 worms (D:4)
  2 dart slugs
  16 orcs
  8 ball pythons
  4 bats
  9 endoplasms
  3 giant cockroaches
  6 goblins
  7 hobgoblins
  4 jackals
  3 quokkas
  4 frilled lizards
  9 kobolds
  9 rats
146 creatures vanquished.

Notes
Turn   | Place    | Note
-------+----------+-------------------------------------------
     0 | D:1      | Kangaroobicon the Troll Monk began the quest for the Orb.
     0 | D:1      | Reached XP level 1. HP: 22/22 MP: 0/0
    95 | D:1      | Reached XP level 2. HP: 29/29 MP: 1/1
   541 | D:1      | Found a faded altar of an unknown god.
   555 | D:1      | Became a worshipper of Nemelex Xobeh the Trickster
   555 | D:1      | Reached * piety under Nemelex Xobeh
   555 | D:1      | Received a gift from Nemelex Xobeh
   555 | D:1      | Reached ** piety under Nemelex Xobeh
   631 | D:1      | Found Vomisura's Book Boutique.
   699 | D:2      | Reached *** piety under Nemelex Xobeh
   712 | D:2      | Reached XP level 3. HP: 36/36 MP: 2/2
   798 | D:2      | Reached XP level 4. HP: 25/44 MP: 3/3
   945 | D:2      | Noticed Natasha
   951 | D:2      | Killed Natasha
   952 | D:2      | Reached skill level 4 in Unarmed Combat
   971 | D:2      | Noticed Natasha
   980 | D:2      | Killed Natasha
  1004 | D:2      | Noticed Natasha
  1014 | D:2      | Killed Natasha
  1015 | D:2      | Reached XP level 5. HP: 52/52 MP: 4/4
  1239 | D:2      | Received a gift from Nemelex Xobeh
  1334 | D:3      | Reached skill level 1 in Slings
  1363 | D:3      | Found a hide-covered altar of Uskayaw.
  1392 | D:3      | Found a white marble altar of Elyvilon.
  1440 | D:3      | Noticed a sky beast
  1459 | D:3      | Killed a sky beast
  1460 | D:3      | Reached XP level 6. HP: 36/61 MP: 5/5
  1840 | D:4      | Found a shimmering altar of Xom.
  1840 | D:4      | Noticed Edmund
  1854 | D:4      | Killed Edmund
  1855 | D:4      | Reached skill level 5 in Unarmed Combat
  1897 | D:4      | Reached XP level 7. HP: 57/65 MP: 6/6
  2086 | D:4      | Found a glowing drain.
  2103 | Sewer    | Entered a sewer
  2201 | Sewer    | Found a white marble altar of Elyvilon.
  2315 | D:4      | Found a staircase to the Ecumenical Temple.
  2337 | Temple   | Entered the Ecumenical Temple
  2807 | D:4      | Found a burning altar of Makhleb.
  2916 | D:4      | Reached skill level 6 in Unarmed Combat
  2916 | D:4      | Reached XP level 8. HP: 46/75 MP: 7/7
  3213 | D:5      | Entered Level 5 of the Dungeon
  3392 | D:5      | Reached skill level 7 in Unarmed Combat
  3397 | D:5      | Reached **** piety under Nemelex Xobeh
  3623 | D:5      | Received a gift from Nemelex Xobeh
  3733 | D:6      | Found an opulent altar of Gozag.
  3871 | D:6      | HP: 3/78 [killer bee (3)]
  3875 | D:6      | Slain by a killer bee

Illustrated notes

Levels and vault maps discovered:
D:1:      nagdon_arrival_zigzag_paths, layout_loops_ring, serial_shops, shop,
          shapermc_ecumenical_altar_venn
D:2:      layout_rooms, kennysheep_big_empty_room, uniq_natasha
D:3:      layout_basic, mainiacjoe_overflow_brackets,
          mainiacjoe_overflow_tiny_flanked, minmay_crystal_water
D:4:      layout_loops_cross, kennysheep_mini, xom_teletrap_fun, temple_pool_b,
          lightli_sewer_entry_pipes, minmay_fractal_squares_diagonal_5,
          uniq_edmund
D:5:      layout_cave_pools
D:6:      layout_rooms, grunt_gozag_breadcrumbs, vehumet_crystals,
          nicolae_alphabet_shops
Temple:   minmay_temple_bridge_abc

Skill      XL: |  1  2  3  4  5  6  7  8 |
---------------+-------------------------+-----
Dodging        | 3 4 |  4.1
Unarmed Combat | 4 5 6 7 |  7.9
Fighting       | 3 4 |  4.0
Slings         | 1 2 3 |  3.9
Stealth        | 2 |  2.6

Action                   |  1- 3 |  4- 6 |  7- 9 || total
-------------------------+-------+-------+-------++-------
Melee: Unarmed           |    90 |    95 |   196 ||   381
       Hunting sling     |     2 |       |       ||     2
       Punch             |       |     5 |     6 ||    11
 Fire: Hunting sling     |     2 |    44 |    63 ||   109
Throw: Stone             |       |     1 |       ||     1
Invok: Draw Summoning    |       |     1 |       ||     1
       Draw Destruction  |       |       |     1 ||     1
 Stab: Sleeping          |     3 |       |     2 ||     5
Armor: Robe              |    18 |    23 |    37 ||    78
Dodge: Dodged            |    48 |    38 |   104 ||   190
